AoeStats
← amyfp

Arena

506556212Analyzed
1v1 RM · 19d ago on Sep 14, 2026· 22m 34s· 2 players
Game mode
Random Map
Map size
Tiny (2 player)
Population
200
Speed
Normal
Resources
Standard
Victory
Conquest
Starting age
Dark Age
Ending age
Imperial Age
RankedLock teamsTeams togetherTeam positionsShared explorationLock speedFull tech treeHidden civsTurbo modeCheats
Victory
Defeat
🇦🇷 Franks · Argentina
355
+12
🇨🇦 Khmer · Canada
276
-12
amyfp
9:05 Feudal Age
15:58 Castle Age
15:47 Horse Collar
15:57 Double-Bit Axe
17:40 Stone Mining
22:05 Gold Mining
22:59 Bow Saw
Killer Queen
12:17 Feudal Age
13:35 Wheelbarrow
12:47 Double-Bit Axe
12:31 Man-at-Arms
13:02 Arson
21:02 Castle Age
19:04 Stone Mining
21:58 Hand Cart
21:56 Bow Saw
23:07 Squires
22:27 Pikeman
23:09 Husbandry
Connection lost

Rejoining the realm…

Still unreachable

The connection could not be restored.

Session expired

The server has moved on; the page needs a fresh start.